 Dungeon Crawl Stone Soup version 0.28.0-53-g5a82cb258f (webtiles) character file.

Game seed: 13580942002503259044

483 Sin92 the Skirmisher (level 6, -3/48 HPs)
             Began as a Demonspawn Fighter on June 13, 2022.
             Slain by Grinder (5 damage)
             ... while paralysed by Grinder
             ... on level 4 of the Dungeon.
             The game lasted 00:04:01 (3608 turns).

Sin92 the Skirmisher (Demonspawn Fighter)           Turns: 3608, Time: 00:04:01

Health: -3/48      AC:  8    Str: 18    XL:     6   Next: 88%
Magic:  6/6        EV:  2    Int:  9    God:
Gold:   87         SH:  0    Dex: 13    Spells: 5/5 levels left

rFire   . . .      SeeInvis .   o - +4 mace
rCold   . . .      Faith    .   c - +0 buckler
rNeg    . . .      Spirit   .   b - +0 scale mail
rPois   .          Reflect  .   (no helmet)
rElec   .          Harm     .   (no cloak)
rCorr   .          Rampage  .   (no gloves)
Will    .....                   (no boots)
Stlth   ..........              (no amulet)
HPRegen 0.16/turn               (no ring)
MPRegen 0.10/turn               (no ring)

@: paralysed
A: spiny 1, sharp scales 1, demonic touch 1
a: no special abilities


You were on level 4 of the Dungeon.
You visited 1 branch of the dungeon, and saw 5 of its levels.

You collected 87 gold pieces.

Inventory:

Hand Weapons
 a - a +0 war axe
 f - a +1 whip of electrocution
 o - a +4 mace (weapon)
Armour
 b - a +0 scale mail (worn)
 c - a +0 buckler (worn)
Wands
 g - a wand of paralysis (12)
Scrolls
 e - 2 scrolls of amnesia
 j - a scroll of silence {unknown}
 l - a scroll of magic mapping
 m - 2 scrolls of teleportation {unknown}
Potions
 d - a potion of might
 h - a potion of haste {unknown}
 i - a potion of resistance
 k - 2 potions of brilliance
 n - a potion of heal wounds {unknown}


   Skills:
 + Level 4.1 Fighting
 + Level 4.0(4.1) Axes
 * Level 1.2(2.8) Maces & Flails
 + Level 3.7 Armour
 + Level 2.2 Dodging
 + Level 3.6 Shields


You had 5 spell levels left.
You didn't know any spells.
Your spell library contained the following spells:

 Spells                   Type           Power      Damage    Failure   Level
 Ensorcelled Hibernation  Hex/Ice        0%         N/A       94%         2
 Sublimation of Blood     Necr           0%         N/A       94%         2
 Wereblood                Tmut           0%         N/A       94%         2
 Gell's Gravitas          Tloc           0%         N/A       99%         3
 Spider Form              Tmut/Pois      0%         N/A       99%         3
 Teleport Other           Tloc           0%         N/A       99%         3
 Tukima's Dance           Hex            0%         N/A       99%         3
 Anguish                  Hex/Necr       0%         N/A       100%        4
 Dispersal                Tloc           0%         N/A       100%        6
 Enfeeble                 Hex            0%         N/A       100%        7
 Summon Hydra             Summ           0%         N/A       100%        7


Dungeon Overview and Level Annotations

Branches:
Dungeon (5/15)
 Temple: D:4-7

Altars:
Kikubaaqudgha

Shops:
D:1 (   D:4 (

Annotations:
D:4 Grinder


Innate Abilities, Weirdness & Mutations

You are partially covered in sharp spines.
You are partially covered in razor-sharp scales. (AC +1, Slay +1)
Your touch may inflict minor irresistible damage on your foes.


Message History

Grinder completely misses you.
You hit Grinder.
Grinder is heavily wounded.
Grinder gestures at you.
You barely resist. Grinder gestures at you. Pain shoots through your body!
Unknown command.
You hit Grinder.
Grinder is heavily wounded.
Grinder hits you.
You writhe in agony.
Unknown command.
You hit Grinder.
Grinder is heavily wounded.
Grinder hits you but does no damage.
Unknown command.
You hit Grinder but do no damage.
Grinder is heavily wounded.
Grinder hits you.
You writhe in agony.
Unknown command.
You are too injured to fight recklessly!
You are too injured to fight recklessly!
Unknown command.
You are too injured to fight recklessly!
You hit Grinder.
Grinder is severely wounded.
Grinder is struck by your spines. Grinder hits you but does no damage.
You hit Grinder.
Grinder is almost dead.
Grinder says, "Tell me all your secrets, or I'll kill you."
Grinder gestures at you.
You suddenly lose the ability to move!
Grinder is struck by your spines. Grinder hits you!
* * * LOW HITPOINT WARNING * * *
You writhe in agony.
* * * LOW HITPOINT WARNING * * *
Grinder hits you!
* * * LOW HITPOINT WARNING * * *
You writhe in agony.
You die...

.###. ###.#.........#
...... #............##
.........#...........#
.#...######..........#
###...# #..........#
......# ##.........#
.#....# #.........# .#
. ##....5..# ..
#...@..## # #.##.###
#.##.# . ###.# .#.##.#
. ....# ..#..# .
#..######..#.##
.###..##........#
..........# #ยง#.#
#...._....###o#.##


You could see Grinder.

Vanquished Creatures
  Sigmund (D:2)
  2 hounds
  Ijyb (D:4)
  A bullfrog skeleton (D:4)
  An iguana (D:5)
  An orc wizard (D:3)
  2 adders (D:2)
  An adder skeleton (D:4)
  3 dart slugs
  5 orcs
  7 bats
  3 endoplasms
  3 giant cockroaches
  5 hobgoblins
  10 jackals
  2 quokkas
  3 ball pythons (D:1)
  A frilled lizard (D:2)
  6 goblins
  4 kobolds
  2 quokka skeletons (D:4)
  11 rats
75 creatures vanquished.

Vanquished Creatures (collateral kills)
  Blork the orc (D:4)
  A goblin (D:4)
2 creatures vanquished.

Grand Total: 77 creatures vanquished

Notes
Turn   | Place    | Note
-------+----------+-------------------------------------------
     0 | D:1      | Sin92 the Demonspawn Fighter began the quest for the Orb.
     0 | D:1      | Reached XP level 1. HP: 18/18 MP: 1/1
   388 | D:1      | Gained mutation: You are partially covered in razor-sharp
                  | scales. (AC +1, Slay +1) [demonic ancestry]
   388 | D:1      | Reached XP level 2. HP: 19/24 MP: 2/2
  1204 | D:1      | Gained mutation: You are partially covered in sharp spines.
                  | [demonic ancestry]
  1204 | D:1      | Reached XP level 3. HP: 26/29 MP: 3/3
  1336 | D:1      | Found Suwoovin's Weapon Emporium.
  1533 | D:2      | Noticed Sigmund
  1540 | D:2      | Killed Sigmund
  1541 | D:2      | Reached skill level 1 in Dodging
  1541 | D:2      | Reached XP level 4. HP: 21/37 MP: 4/4
  1541 | D:2      | Gained mutation: Your touch may inflict minor irresistible
                  | damage on your foes. [demonic ancestry]
  1541 | D:2      | Reached XP level 5. HP: 24/42 MP: 5/5
  1542 | D:2      | Found a faded altar of an unknown god.
  2407 | D:3      | Reached XP level 6. HP: 32/48 MP: 6/6
  2817 | D:3      | You fall into a shaft and drop 2 floors!
  2817 | D:5      | Entered Level 5 of the Dungeon
  3134 | D:4      | Found an ancient bone altar of Kikubaaqudgha.
  3170 | D:4      | Noticed Blork the orc
  3182 | D:4      | Killed Blork the orc
  3319 | D:4      | Reached skill level 1 in Maces & Flails
  3437 | D:4      | Found Eqina's Weapon Shoppe.
  3456 | D:4      | Noticed Ijyb
  3491 | D:4      | Killed Ijyb
  3596 | D:4      | Noticed Grinder
  3607 | D:4      | Paralysed by Grinder for 4 turns
  3608 | D:4      | HP: 2/48 [Grinder (7)]
  3608 | D:4      | Slain by Grinder

Illustrated notes

Levels and vault maps discovered:
D:1:      minmay_arrival_wavy_path, layout_basic, serial_shops, shop,
          minivault_27
D:2:      layout_basic, chequers_ecumenical_altar_simple_redux,
          skrybe_limestone_x, minmay_heptomino_l4, uniq_sigmund
D:3:      layout_basic
D:4:      layout_rooms, overflow_temple_1_default, serial_shops,
          kennysheep_mini, uniq_ijyb, uniq_grinder, uniq_blork_the_orc
D:5:      layout_basic, minmay_temple_entry_slanted, serial_shops, shop,
          dk_vineyard_3, uniq_edmund

Skill      XL: |  1  2  3  4  5  6 |
---------------+-------------------+-----
Axes           | 2 3 4 |  4.0
Armour         | 3 |  3.7
Dodging        | 1 2 |  2.2
Shields        | 3 |  3.6
Fighting       | 4 |  4.1
Maces & Flails | 1 |  1.2

Action                   |  1- 3 |  4- 6 || total
-------------------------+-------+-------++-------
Melee: War axe           |    79 |    52 ||   131
       Mace              |       |    37 ||    37
  Use: Potion            |     1 |       ||     1
       Scroll            |       |     7 ||     7
Armor: Scale mail        |    52 |    33 ||    85
Dodge: Dodged            |    50 |    41 ||    91
Block: Buckler           |    22 |    18 ||    40
